[Event "Ceske Budejovice Open-A 2019"]
[Site "Ceske Budejovice"]
[Date "2019.07.03"]
[Round "5.6"]
[White "Vltavsky, Vladimir"]
[Black "Plischki, Sebastian"]
[Result "1/2-1/2"]
[ECO "A04"]
[WhiteElo "2179"]
[BlackElo "2420"]
[Annotator "NA"]
[PlyCount "113"]
[EventDate "2019.07.02"]
[EventCountry "CZE"]
[SourceTitle "playchess.com"]
[Source "ChessBase"]
[SourceQuality "1"]
[TimeControl "5400+30"]

1. Nf3 c5 2. b3 d6 3. Bb2 e5 4. e4 Nf6 5. d3 Nc6 6. h3 g6 7. g3 Bg7 8. Bg2 O-O 9. O-O Re8 10. c4 a6 11. Nc3 Rb8 12. a4 Bd7 13. Bc1 h6 14. Bd2 Kh7 15. Ne1 Nd4 16. Ne2 Nxe2+ 17. Qxe2 b5 18. axb5 axb5 19. Nc2 Qb6 20. Bc3 Ra8 21. Rfb1 Reb8 22. Qd1 Bc6 23. Rxa8 Rxa8 24. Ra1 bxc4 25. Rxa8 Bxa8 26. bxc4 Qb3 27. Ba5 Qa2 28. Qd2 h5 29. Ne3 Qxd2 30. Bxd2 Bh6 31. Kf1 h4 32. g4 Ne8 33. Ba5 Bg5 34. Nd5 Bxd5 35. cxd5 Kg7 36. Bf3 Kf8 37. Ke1 Ke7 38. Kd1 Kd7 39. Kc2 Nc7 40. Bxc7 Kxc7 41. Kc3 Kd7 42. Bd1 Ke7 43. Ba4 Bf4 44. Kc2 Bg3 45. f3 Kf6 46. Kd2 Kg5 47. Ke2 Bf4 48. Be8 f6 49. Kf2 Bc1 50. Bb5 Kf4 51. Ba6 Be3+ 52. Kg2 Bd4 53. Bb5 f5 54. gxf5 gxf5 55. Ba6 fxe4 56. fxe4 Ke3 57. Bb5 1/2-1/2

[Event "Ceske Budejovice Open-A 2019"]
[Site "Ceske Budejovice"]
[Date "2019.07.03"]
[Round "5.7"]
[White "Placer, Sebastian"]
[Black "Sergeev, Vladimir"]
[Result "0-1"]
[ECO "B28"]
[WhiteElo "2040"]
[BlackElo "2415"]
[Annotator "NA"]
[PlyCount "128"]
[EventDate "2019.07.02"]
[EventCountry "CZE"]
[SourceTitle "playchess.com"]
[Source "ChessBase"]
[SourceQuality "1"]
[TimeControl "5400+30"]

1. e4 c5 2. Nf3 a6 3. c3 d5 4. exd5 Qxd5 5. d4 Nf6 6. Be2 e6 7. O-O cxd4 8. Qxd4 Nc6 9. Qxd5 Nxd5 10. Rd1 g6 11. Nbd2 Bg7 12. Nc4 b5 13. Ne3 Nb6 14. Nc2 Bb7 15. Be3 Na4 16. Rab1 Ke7 17. Ncd4 Rhc8 18. Nxc6+ Bxc6 19. Bd4 Bxd4 20. Nxd4 Be4 21. Bd3 Bd5 22. Nb3 Ra7 23. Re1 Rd7 24. Bc2 Rd6 25. Nd4 Nb6 26. a3 Kf6 27. f4 h6 28. Be4 Bxe4 29. Rxe4 Nc4 30. Re2 Rc5 31. Rbe1 g5 32. g3 Nb6 33. Re5 Rc8 34. Kf2 Nc4 35. R5e2 Rb8 36. Nf3 Rd5 37. Ne5 Rb6 38. Kf3 a5 39. Kf2 Kg7 40. Kf3 Rdd6 41. Kf2 f6 42. Nxc4 bxc4 43. Rc1 Kg6 44. Rcc2 gxf4 45. gxf4 Kf5 46. Kf3 Rd3+ 47. Re3 Rxe3+ 48. Kxe3 Rd6 49. Rg2 h5 50. Rf2 Rd3+ 51. Ke2 a4 52. Rf1 Ke4 53. Rf2 h4 54. Rf1 Re3+ 55. Kd2 Rf3 56. Re1+ Kf5 57. Re2 Rxf4 58. Rg2 h3 59. Re2 e5 60. Kd1 Rf1+ 61. Kd2 Kf4 62. Kc2 e4 63. Kd2 f5 64. Kc2 e3 0-1

[Event "Ceske Budejovice Open-A 2019"]
[Site "Ceske Budejovice"]
[Date "2019.07.03"]
[Round "5.8"]
[White "Karasek, Lukas"]
[Black "Steiner, Bruno"]
[Result "1-0"]
[ECO "C45"]
[WhiteElo "2278"]
[BlackElo "2179"]
[Annotator "NA"]
[PlyCount "65"]
[EventDate "2019.07.02"]
[EventCountry "CZE"]
[SourceTitle "playchess.com"]
[Source "ChessBase"]
[SourceQuality "1"]
[TimeControl "5400+30"]

1. e4 e5 2. Nf3 Nc6 3. d4 exd4 4. Nxd4 Nf6 5. Nxc6 bxc6 6. e5 Qe7 7. Qe2 Nd5 8. c4 Ba6 9. b3 Nb6 10. Nd2 O-O-O 11. Bb2 Re8 12. O-O-O f6 13. f4 fxe5 14. Qxe5 Qf7 15. Qd4 c5 16. Qf2 Bb7 17. Bd3 d5 18. Rhe1 Rxe1 19. Rxe1 d4 20. Ne4 Bd6 21. g3 Nd7 22. Ng5 Qf6 23. Re6 Ne5 24. Bb1 Qf8 25. Qe2 Ng6 26. Nxh7 Nxf4 27. Qg4 Nxe6 28. Qxe6+ Kd8 29. Nxf8 Rxf8 30. Bf5 Bc6 31. b4 Re8 32. Qc8+ Ke7 33. Qa6 1-0

[Event "Ceske Budejovice Open-A 2019"]
[Site "Ceske Budejovice"]
[Date "2019.07.03"]
[Round "5.9"]
[White "Nejdl, Eduard"]
[Black "Schmid, Thomas"]
[Result "1/2-1/2"]
[ECO "B52"]
[WhiteElo "1995"]
[BlackElo "2201"]
[Annotator "NA"]
[PlyCount "55"]
[EventDate "2019.07.02"]
[EventCountry "CZE"]
[SourceTitle "playchess.com"]
[Source "ChessBase"]
[SourceQuality "1"]
[TimeControl "5400+30"]

1. e4 c5 2. Nf3 d6 3. Bb5+ Bd7 4. a4 Nc6 5. O-O Nf6 6. Re1 e6 7. c3 a6 8. Bf1 Be7 9. d4 cxd4 10. cxd4 d5 11. e5 Ne4 12. Bd3 f5 13. exf6 Nxf6 14. Nc3 O-O 15. Bg5 Rc8 16. Qb1 h6 17. Bh4 Nh5 18. Bxe7 Nxe7 19. Ne5 Nf6 20. Qd1 Re8 21. Bb1 Nc6 22. Qd3 Re7 23. a5 Be8 24. Nxc6 Rxc6 25. Bc2 Qd6 26. Re3 Bf7 27. Rae1 Kf8 28. Ba4 1/2-1/2

[Event "Ceske Budejovice Open-A 2019"]
[Site "Ceske Budejovice"]
[Date "2019.07.03"]
[Round "5.10"]
[White "Marsalek, Zdenek"]
[Black "Steiner, Juraj"]
[Result "1-0"]
[ECO "A46"]
[WhiteElo "2259"]
[BlackElo "1896"]
[Annotator "NA"]
[PlyCount "49"]
[EventDate "2019.07.02"]
[EventCountry "CZE"]
[SourceTitle "playchess.com"]
[Source "ChessBase"]
[SourceQuality "1"]
[TimeControl "5400+30"]

1. d4 Nf6 2. Nf3 e6 3. g3 c5 4. Bg2 cxd4 5. O-O Nc6 6. Nxd4 Be7 7. c4 O-O 8. Nc3 a6 9. h3 Qc7 10. Be3 Ne5 11. b3 Rb8 12. Rc1 d6 13. Qd2 Bd7 14. Rfd1 Rfd8 15. f4 Nc6 16. Nd5 exd5 17. cxd5 Bxh3 18. Bxh3 Nxd5 19. Nxc6 Nxe3 20. Nxb8 Qb6 21. Qd4 Qxd4 22. Rxd4 Bf6 23. Rd3 Rxb8 24. Kf2 Re8 25. Kf3 1-0

[Event "Ceske Budejovice Open-A 2019"]
[Site "Ceske Budejovice"]
[Date "2019.07.03"]
[Round "5.11"]
[White "Kanka, Matej"]
[Black "Muron, Miroslav"]
[Result "0-1"]
[ECO "A03"]
[WhiteElo "1858"]
[BlackElo "2215"]
[Annotator "NA"]
[PlyCount "82"]
[EventDate "2019.07.02"]
[EventCountry "CZE"]
[SourceTitle "playchess.com"]
[Source "ChessBase"]
[SourceQuality "1"]
[TimeControl "5400+30"]

1. f4 d5 2. Nf3 c5 3. g3 Nc6 4. Bg2 Nf6 5. b3 g6 6. Bb2 Bg7 7. e3 O-O 8. O-O b5 9. d3 Qb6 10. Re1 Rd8 11. Qe2 a5 12. Nbd2 Ra7 13. Ne5 Nxe5 14. fxe5 Ng4 15. d4 c4 16. h3 Nh6 17. e4 Bxe5 18. Qf2 Bg7 19. e5 c3 20. Bxc3 Rc7 21. Nb1 b4 22. Bb2 Bf5 23. Re2 Rdc8 24. Bxd5 Rxc2 25. Bc4 Rxe2 26. Qxe2 Bxh3 27. Kh2 Bf5 28. Nd2 Ng4+ 29. Kg2 e6 30. Re1 Bh6 31. Nf1 Bg5 32. Qf3 h5 33. Rd1 Rd8 34. Ra1 Rxd4 35. Bxd4 Qxd4 36. Rd1 Qxe5 37. Bd3 Qb2+ 38. Qe2 Be4+ 39. Kg1 Qd4+ 40. Ne3 Bxe3+ 41. Kf1 Qf6+ 0-1

[Event "Ceske Budejovice Open-A 2019"]
[Site "Ceske Budejovice"]
[Date "2019.07.03"]
[Round "5.12"]
[White "Zacek, Petr"]
[Black "Lys, Josef"]
[Result "0-1"]
[ECO "A49"]
[WhiteElo "1883"]
[BlackElo "2149"]
[Annotator "NA"]
[PlyCount "94"]
[EventDate "2019.07.02"]
[EventCountry "CZE"]
[SourceTitle "playchess.com"]
[Source "ChessBase"]
[SourceQuality "1"]
[TimeControl "5400+30"]

1. d4 Nf6 2. Nf3 g6 3. g3 b6 4. Bg2 Bb7 5. c4 Bg7 6. Nc3 Ne4 7. Nxe4 Bxe4 8. O-O O-O 9. Be3 c5 10. Ng5 Bxg2 11. Kxg2 d6 12. Qd2 Qc7 13. Rac1 Nc6 14. Nf3 Rfb8 15. d5 Nd8 16. Bh6 Bh8 17. h4 b5 18. cxb5 Rxb5 19. b3 Qd7 20. h5 Rb4 21. hxg6 hxg6 22. Qd3 Qg4 23. Rc4 Rxc4 24. bxc4 Rb8 25. Rb1 Rxb1 26. Qxb1 Qd7 27. Qb8 Bf6 28. Bf4 Kg7 29. Ng5 Bxg5 30. Bxg5 f6 31. Bd2 Nf7 32. f4 Nh6 33. Qb3 Qf5 34. Qd3 Qh5 35. Qe4 Kf8 36. Kf1 Nf5 37. Qf3 Qxf3+ 38. exf3 Nxg3+ 39. Kf2 Nf5 40. a4 a6 41. Bc3 Kg7 42. Ke2 Kh6 43. Kd3 Kh5 44. Ke4 Kh4 45. Ba5 Kg3 46. Bd8 Kf2 47. Ba5 Ke2 0-1

[Event "Ceske Budejovice Open-A 2019"]
[Site "Ceske Budejovice"]
[Date "2019.07.03"]
[Round "5.13"]
[White "Mulenko, Alexander"]
[Black "Malinovsky, Petr"]
[Result "1/2-1/2"]
[ECO "A13"]
[WhiteElo "2055"]
[BlackElo "2058"]
[Annotator "NA"]
[PlyCount "44"]
[EventDate "2019.07.02"]
[EventCountry "CZE"]
[SourceTitle "playchess.com"]
[Source "ChessBase"]
[SourceQuality "1"]
[TimeControl "5400+30"]

1. Nf3 d5 2. c4 e6 3. g3 Nf6 4. Bg2 Be7 5. d4 O-O 6. O-O c6 7. Qc2 b6 8. Nbd2 Bb7 9. Rd1 Na6 10. e4 c5 11. exd5 exd5 12. dxc5 Nb4 13. Qb3 Bxc5 14. a3 Na6 15. cxd5 Bxd5 16. Qa4 Qc8 17. Nf1 Qb7 18. Nh4 Bxg2 19. Nxg2 Qf3 20. Be3 Bxe3 21. Nfxe3 Nc5 22. Qf4 Qxf4 1/2-1/2

[Event "Ceske Budejovice Open-A 2019"]
[Site "Ceske Budejovice"]
[Date "2019.07.03"]
[Round "5.14"]
[White "Nagy, Ladislav"]
[Black "Tajovsky, Matej"]
[Result "1/2-1/2"]
[ECO "B24"]
[WhiteElo "2061"]
[BlackElo "1779"]
[Annotator "NA"]
[PlyCount "97"]
[EventDate "2019.07.02"]
[EventCountry "CZE"]
[SourceTitle "playchess.com"]
[Source "ChessBase"]
[SourceQuality "1"]
[TimeControl "5400+30"]

1. e4 c5 2. Nc3 Nc6 3. g3 g6 4. Bg2 Bg7 5. d3 e6 6. f4 Nh6 7. Nge2 O-O 8. O-O d6 9. h3 f5 10. Be3 Nd4 11. Qd2 Bd7 12. Nd1 Bc6 13. c3 Nxe2+ 14. Qxe2 Qe7 15. Bf2 Rab8 16. Rc1 b5 17. Re1 fxe4 18. Bxe4 Bxe4 19. Qxe4 Rfe8 20. Ne3 b4 21. cxb4 Rxb4 22. Nd5 exd5 23. Qxe7 Rxe7 24. Rxe7 Nf5 25. Rxa7 Rxb2 26. a4 Bd4 27. Bxd4 Nxd4 28. Ra1 c4 29. dxc4 dxc4 30. Kf1 c3 31. Rc7 Ne2 32. Kf2 c2 33. Ke3 Rb1 34. Rxc2 Rxa1 35. Kxe2 Rxa4 36. Kf3 h5 37. Rc3 Kf7 38. g4 hxg4+ 39. Kxg4 Kf6 40. Rd3 Ra6 41. h4 Rb6 42. Rd5 Rc6 43. h5 gxh5+ 44. Rxh5 Kf7 45. Rh6 Kg7 46. Re6 Kf7 47. f5 Rc1 48. Rxd6 Rg1+ 49. Kf4 1/2-1/2

[Event "Ceske Budejovice Open-A 2019"]
[Site "Ceske Budejovice"]
[Date "2019.07.03"]
[Round "5.15"]
[White "Brom, Jiri"]
[Black "Baloun, Tomas"]
[Result "1/2-1/2"]
[ECO "E94"]
[WhiteElo "2018"]
[BlackElo "1887"]
[Annotator "NA"]
[PlyCount "70"]
[EventDate "2019.07.02"]
[EventCountry "CZE"]
[SourceTitle "playchess.com"]
[Source "ChessBase"]
[SourceQuality "1"]
[TimeControl "5400+30"]

1. d4 Nf6 2. Nf3 g6 3. c4 Bg7 4. Nc3 O-O 5. e4 d6 6. Be2 e5 7. O-O Nh5 8. h3 Nc6 9. Be3 Nf4 10. Re1 Nxd4 11. Nxd4 exd4 12. Bxd4 Bxd4 13. Qxd4 Qg5 14. g3 Nxh3+ 15. Kf1 Nf4 16. Bf3 Bh3+ 17. Kg1 Ne6 18. Qe3 Qxe3 19. Rxe3 Nd4 20. Rd3 Nxf3+ 21. Rxf3 Be6 22. b3 a6 23. Re3 h5 24. Rae1 Rad8 25. Nd5 c6 26. Nc3 Kg7 27. Rd1 h4 28. gxh4 Rh8 29. Red3 Rxh4 30. Rxd6 Rdh8 31. f3 Rh2 32. R1d2 R2h4 33. Rd1 Rh1+ 34. Kf2 R8h2+ 35. Ke3 Rf1 1/2-1/2

[Event "Ceske Budejovice Open-A 2019"]
[Site "Ceske Budejovice"]
[Date "2019.07.03"]
[Round "5.16"]
[White "Barak, David"]
[Black "Szotkowski, David"]
[Result "1-0"]
[ECO "A56"]
[WhiteElo "2015"]
[BlackElo "1869"]
[Annotator "NA"]
[PlyCount "105"]
[EventDate "2019.07.02"]
[EventCountry "CZE"]
[SourceTitle "playchess.com"]
[Source "ChessBase"]
[SourceQuality "1"]
[TimeControl "5400+30"]

1. d4 Nf6 2. c4 c5 3. d5 e5 4. Nc3 d6 5. e4 g6 6. Be2 Bg7 7. Nf3 O-O 8. O-O Ne8 9. Bg5 f6 10. Bh4 Bg4 11. Nd2 Bxe2 12. Qxe2 Qc8 13. Rab1 f5 14. a3 h6 15. f3 g5 16. Bf2 f4 17. b4 Nd7 18. Nb3 b6 19. Rfd1 cxb4 20. axb4 Rf7 21. Rbc1 Bf8 22. Nb5 a6 23. Nc3 Rb8 24. Na4 Rb7 25. Rc3 Qb8 26. Rdc1 Kh7 27. Qa2 Nc7 28. Nb2 Ne8 29. Nd3 Nc7 30. Qc2 Kg6 31. Ra1 Kh7 32. Qc1 Kg7 33. Rc2 Kh7 34. Qa3 Kg7 35. Rac1 Kh7 36. Qa1 Kg8 37. h3 Kh7 38. Kh2 Kg8 39. c5 bxc5 40. Na5 Rb5 41. bxc5 dxc5 42. Nxc5 Bxc5 43. Bxc5 Nxc5 44. Rxc5 Rxc5 45. Rxc5 Nb5 46. Nc6 Qb6 47. Rc4 Nd6 48. Ra4 Qf2 49. Nxe5 Rc7 50. Nc6 Rb7 51. Ra2 Qc5 52. Rxa6 Qf2 53. Ra8+ 1-0

[Event "Ceske Budejovice Open-A 2019"]
[Site "Ceske Budejovice"]
[Date "2019.07.03"]
[Round "5.17"]
[White "Rolinek, Dominik"]
[Black "Pavlicek, Petr"]
[Result "1/2-1/2"]
[ECO "D00"]
[WhiteElo "2004"]
[BlackElo "1828"]
[Annotator "NA"]
[PlyCount "87"]
[EventDate "2019.07.02"]
[EventCountry "CZE"]
[SourceTitle "playchess.com"]
[Source "ChessBase"]
[SourceQuality "1"]
[TimeControl "5400+30"]

1. d4 d5 2. Bf4 e6 3. Nf3 Nf6 4. e3 Be7 5. h3 O-O 6. Bd3 b6 7. Nbd2 Bb7 8. O-O Nbd7 9. Qe2 c5 10. c3 Ne4 11. Ne5 f6 12. Nxd7 Qxd7 13. Rad1 Nxd2 14. Rxd2 Bd6 15. Bxd6 Qxd6 16. e4 cxd4 17. cxd4 dxe4 18. Bxe4 Bxe4 19. Qxe4 Qd5 20. Re1 Qxe4 21. Rxe4 Rfe8 22. Rde2 Kf7 23. Kf1 Rad8 24. Rd2 Rd5 25. g4 Red8 26. Ke2 e5 27. Ke3 g6 28. f4 Rxd4 29. Rexd4 exd4+ 30. Rxd4 Rxd4 31. Kxd4 Ke6 32. Ke4 f5+ 33. gxf5+ gxf5+ 34. Kd4 a6 35. h4 Kd6 36. h5 h6 37. a4 a5 38. Kc4 Kc6 39. b3 Kd6 40. Kb5 Kc7 41. b4 axb4 42. Kxb4 Kd6 43. Kb5 Kc7 44. Kc4 1/2-1/2

[Event "Ceske Budejovice Open-A 2019"]
[Site "Ceske Budejovice"]
[Date "2019.07.03"]
[Round "5.18"]
[White "Stehlik, Jiri"]
[Black "Rolinkova, Lucie"]
[Result "1/2-1/2"]
[ECO "D02"]
[WhiteElo "1930"]
[BlackElo "1703"]
[Annotator "NA"]
[PlyCount "71"]
[EventDate "2019.07.02"]
[EventCountry "CZE"]
[SourceTitle "playchess.com"]
[Source "ChessBase"]
[SourceQuality "1"]
[TimeControl "5400+30"]

1. d4 d5 2. Nf3 Nc6 3. Bf4 Bg4 4. Nbd2 e6 5. e3 Bd6 6. Bxd6 cxd6 7. Be2 Nf6 8. O-O e5 9. h3 Bh5 10. c3 Qe7 11. Re1 h6 12. b4 Rg8 13. Nh2 Bxe2 14. Qxe2 g5 15. a4 h5 16. g3 Nd7 17. b5 Na5 18. c4 Qe6 19. Rac1 Qxh3 20. cxd5 Nf6 21. dxe5 Ng4 22. Nxg4 hxg4 23. Qf1 Qh6 24. exd6 Qxd6 25. Nc4 Nxc4 26. Qxc4 f5 27. Qc5 Kd7 28. Qd4 a6 29. b6 Rac8 30. a5 Qa3 31. Rxc8 Rxc8 32. Qg7+ Qe7 33. Qd4 Qe4 34. Qg7+ Qe7 35. Qd4 Qe4 36. Qg7+ 1/2-1/2

[Event "Ceske Budejovice Open-A 2019"]
[Site "Ceske Budejovice"]
[Date "2019.07.03"]
[Round "5.19"]
[White "Vahala, Tomas"]
[Black "Kaspar, Jonas"]
[Result "1-0"]
[ECO "E71"]
[WhiteElo "1774"]
[BlackElo "1890"]
[Annotator "NA"]
[PlyCount "137"]
[EventDate "2019.07.02"]
[EventCountry "CZE"]
[SourceTitle "playchess.com"]
[Source "ChessBase"]
[SourceQuality "1"]
[TimeControl "5400+30"]

1. d4 Nf6 2. c4 g6 3. Nc3 Bg7 4. e4 d6 5. h3 O-O 6. Be3 Nbd7 7. g4 e5 8. d5 Nc5 9. Bg2 a5 10. Nge2 Nfd7 11. Ng3 a4 12. Bf3 Nb6 13. Be2 Bd7 14. h4 Qe7 15. Qd2 Nc8 16. h5 Qe8 17. hxg6 fxg6 18. g5 Nb6 19. Kf1 Qc8 20. Kg2 Rf7 21. Rh4 Qd8 22. Rah1 Bh8 23. Qe1 Qe7 24. Qg1 Na6 25. a3 Nc5 26. Qh2 Nb3 27. Rh6 Rg7 28. Nb5 Bxb5 29. cxb5 Nd7 30. Bg4 Nf8 31. Qh4 Nd4 32. Nf5 Nxf5 33. exf5 gxf5 34. Bxf5 Ra5 35. Qh5 Qf7 36. g6 Nxg6 37. Kf1 Nf8 38. Qh3 Rxb5 39. Be6 Nxe6 40. dxe6 Qe7 41. Rxh7 Rxh7 42. Qxh7+ Qxh7 43. Rxh7 Bf6 44. e7 Bxe7 45. Rxe7 c6 46. Re6 Rd5 47. Ke2 Kf7 48. Rh6 b5 49. Rh4 Kf6 50. f3 c5 51. Rh1 c4 52. Rd1 Rxd1 53. Kxd1 Kf5 54. Kd2 Ke6 55. f4 exf4 56. Bxf4 d5 57. Kc3 Kf5 58. Be3 Ke4 59. Bd4 Kf3 60. Bf6 Ke3 61. Kb4 d4 62. Kxb5 c3 63. bxc3 dxc3 64. Bxc3 Ke4 65. Kxa4 Kd5 66. Kb5 Kd6 67. Kb6 Kd7 68. Kb7 Kd6 69. a4 1-0

[Event "Ceske Budejovice Open-A 2019"]
[Site "Ceske Budejovice"]
[Date "2019.07.03"]
[Round "5.20"]
[White "Asatryan, Manvel"]
[Black "Puncochar, Jiri"]
[Result "1/2-1/2"]
[ECO "B22"]
[WhiteElo "1799"]
[BlackElo "2014"]
[Annotator "NA"]
[PlyCount "47"]
[EventDate "2019.07.02"]
[EventCountry "CZE"]
[SourceTitle "playchess.com"]
[Source "ChessBase"]
[SourceQuality "1"]
[TimeControl "5400+30"]

1. e4 c5 2. c3 d5 3. exd5 Qxd5 4. d4 g6 5. Nf3 Bg7 6. Be2 Nc6 7. Be3 cxd4 8. cxd4 Nh6 9. Nc3 Qa5 10. O-O Nf5 11. a3 O-O 12. b4 Qd8 13. Rc1 Ncxd4 14. Nxd4 Nxd4 15. Bf3 Nxf3+ 16. Qxf3 Be6 17. Qxb7 Qd7 18. Qxd7 Bxd7 19. Bc5 Bxc3 20. Rxc3 Rfc8 21. Rfc1 e6 22. Be3 Rxc3 23. Rxc3 a6 24. h3 1/2-1/2

[Event "Ceske Budejovice Open-A 2019"]
[Site "Ceske Budejovice"]
[Date "2019.07.03"]
[Round "5.21"]
[White "Brhlik, Antonin"]
[Black "Nezval, Filip"]
[Result "0-1"]
[ECO "B12"]
[WhiteElo "1639"]
[BlackElo "1860"]
[Annotator "NA"]
[PlyCount "82"]
[EventDate "2019.07.02"]
[EventCountry "CZE"]
[SourceTitle "playchess.com"]
[Source "ChessBase"]
[SourceQuality "1"]
[TimeControl "5400+30"]

1. e4 c6 2. d4 d5 3. e5 Bf5 4. Nc3 e6 5. g4 Bg6 6. Nge2 c5 7. h4 cxd4 8. Nxd4 h5 9. g5 Nc6 10. Bb5 Nge7 11. Be3 a6 12. Bd3 Bxd3 13. Qxd3 Nxe5 14. Qe2 N5c6 15. O-O-O Qc7 16. f4 O-O-O 17. Qf2 Nxd4 18. Bxd4 Qc6 19. Rd3 Kb8 20. Ne2 Nf5 21. Rc3 Qd7 22. Bb6 Rc8 23. Rhh3 Bd6 24. Kb1 g6 25. Nd4 Rxc3 26. Rxc3 Nxd4 27. Bxd4 Rc8 28. Rxc8+ Qxc8 29. Qe3 Qc4 30. b3 Qf1+ 31. Kb2 Qxf4 32. Qc3 e5 33. Bb6 Qb4 34. Bc7+ Ka7 35. Qxb4 Bxb4 36. Bxe5 Be1 37. Bd4+ Kb8 38. Be5+ Kc8 39. Bf6 Kd7 40. Kc1 Bxh4 41. Kd2 Ke6 0-1

[Event "Ceske Budejovice Open-A 2019"]
[Site "Ceske Budejovice"]
[Date "2019.07.03"]
[Round "5.22"]
[White "Stodola, Zdenek"]
[Black "Pavlicek, Adam"]
[Result "0-1"]
[ECO "D55"]
[WhiteElo "1551"]
[BlackElo "1651"]
[Annotator "NA"]
[PlyCount "52"]
[EventDate "2019.07.02"]
[EventCountry "CZE"]
[SourceTitle "playchess.com"]
[Source "ChessBase"]
[SourceQuality "1"]
[TimeControl "5400+30"]

1. d4 Nf6 2. c4 e6 3. Nc3 d5 4. Bg5 Be7 5. e3 O-O 6. Nf3 b6 7. cxd5 Nxd5 8. Bxe7 Nxe7 9. Bd3 Bb7 10. O-O Nd5 11. e4 Nxc3 12. bxc3 Nd7 13. Qc2 c5 14. Rad1 cxd4 15. cxd4 h6 16. d5 exd5 17. exd5 Nf6 18. Qb3 Qd6 19. Rfe1 Rfe8 20. Nh4 Rxe1+ 21. Rxe1 Bxd5 22. Qd1 Qd7 23. Nf5 Be6 24. Qf3 Rd8 25. Re3 Bxf5 26. Qxf5 Qxf5 0-1

[Event "Ceske Budejovice Open-A 2019"]
[Site "Ceske Budejovice"]
[Date "2019.07.03"]
[Round "5.23"]
[White "Solovyova, Anastasia"]
[Black "Valasek, Jakub"]
[Result "1-0"]
[ECO "D11"]
[WhiteElo "1835"]
[BlackElo "1636"]
[Annotator "NA"]
[PlyCount "69"]
[EventDate "2019.07.02"]
[EventCountry "CZE"]
[SourceTitle "playchess.com"]
[Source "ChessBase"]
[SourceQuality "1"]
[TimeControl "5400+30"]

1. d4 d5 2. c4 c6 3. Nf3 e6 4. g3 Nd7 5. Qc2 Ngf6 6. Bg2 Be7 7. O-O O-O 8. Bf4 Nh5 9. Bc1 f5 10. b3 Re8 11. Bb2 Nhf6 12. Ne5 Nxe5 13. dxe5 Ne4 14. e3 Qb6 15. Nc3 Nxc3 16. Bxc3 a5 17. Rad1 Rd8 18. Bd4 Bc5 19. cxd5 Bxd4 20. dxc6 Bxe5 21. Rxd8+ Qxd8 22. cxb7 Bxb7 23. Bxb7 Rb8 24. Rd1 Qe7 25. Bc8 Qe8 26. Bd7 Qe7 27. Qc6 Kf7 28. f4 Bb2 29. Bxe6+ Qxe6 30. Rd7+ Qxd7 31. Qxd7+ Kg8 32. Qd5+ Kh8 33. Qxa5 Rf8 34. Qc5 Kg8 35. a4 1-0

[Event "Ceske Budejovice Open-A 2019"]
[Site "Ceske Budejovice"]
[Date "2019.07.03"]
[Round "5.24"]
[White "Chval, Petr"]
[Black "Petras, Milan"]
[Result "1-0"]
[ECO "C15"]
[WhiteElo "1885"]
[BlackElo "1935"]
[Annotator "NA"]
[PlyCount "65"]
[EventDate "2019.07.02"]
[EventCountry "CZE"]
[SourceTitle "playchess.com"]
[Source "ChessBase"]
[SourceQuality "1"]
[TimeControl "5400+30"]

1. e4 e6 2. d4 d5 3. Nc3 Bb4 4. Qg4 Nf6 5. Qxg7 Rg8 6. Qh6 dxe4 7. Nge2 c5 8. dxc5 Rg6 9. Qh4 Rg4 10. Qh6 Rg6 11. Qh4 Bxc5 12. Bg5 Nbd7 13. O-O-O Qa5 14. Bxf6 Nxf6 15. Nf4 Be7 16. Nxg6 fxg6 17. Bb5+ Kf8 18. Kb1 Kg7 19. Bc4 Qc5 20. Bb3 Nd5 21. Qg3 e3 22. Nxd5 e2 23. Rd2 exd5 24. Rxd5 Qb4 25. Qe5+ Kh6 26. Qxe2 Bg5 27. h4 Bf4 28. g3 Bc7 29. f4 Bf5 30. Rxf5 gxf5 31. Qe6+ Kh5 32. Qxf5+ Kh6 33. Qg5# 1-0

[Event "Ceske Budejovice Open-A 2019"]
[Site "Ceske Budejovice"]
[Date "2019.07.03"]
[Round "5.25"]
[White "Kovar, Petr"]
[Black "Sedivy, Karel"]
[Result "1/2-1/2"]
[ECO "B21"]
[WhiteElo "1937"]
[BlackElo "1757"]
[Annotator "NA"]
[PlyCount "33"]
[EventDate "2019.07.02"]
[EventCountry "CZE"]
[SourceTitle "playchess.com"]
[Source "ChessBase"]
[SourceQuality "1"]
[TimeControl "5400+30"]

1. e4 c5 2. d4 cxd4 3. c3 Nc6 4. Bc4 e6 5. cxd4 Nf6 6. Nc3 Bb4 7. e5 Ne4 8. Qd3 d5 9. Bb3 O-O 10. Nf3 Qa5 11. Bd2 Nxd2 12. Nxd2 Qb6 13. Nf3 Qa6 14. Bc2 Qxd3 15. Bxd3 h6 16. O-O Bxc3 17. bxc3 1/2-1/2

[Event "Ceske Budejovice Open-A 2019"]
[Site "Ceske Budejovice"]
[Date "2019.07.04"]
[Round "6.2"]
[White "Mirzoev, Azer"]
[Black "Ivanov, Mikhail M"]
[Result "1-0"]
[ECO "A46"]
[WhiteElo "2474"]
[BlackElo "2359"]
[Annotator "ChessBase"]
[PlyCount "83"]
[EventDate "2019.07.02"]
[EventCountry "CZE"]
[SourceTitle "playchess.com"]
[Source "ChessBase"]
[SourceQuality "1"]
[TimeControl "5400+30"]

1. d4 Nf6 2. Nf3 d6 3. Nc3 d5 4. Bf4 a6 5. e3 e6 6. a3 c5 7. Bd3 Nbd7 8. O-O c4 9. Be2 b5 10. Nd2 Bb7 11. Bf3 Be7 12. e4 Nb6 13. Re1 h6 14. h3 Qd7 15. Qe2 Rc8 16. Bg3 dxe4 17. Ndxe4 O-O 18. Nxf6+ Bxf6 19. Be5 Nd5 20. Bxd5 Bxd5 21. Bxf6 gxf6 22. Qh5 Kh7 23. Nxd5 exd5 24. Re3 Rfe8 25. Rae1 Rxe3 26. Rxe3 Re8 27. Rxe8 Qxe8 28. Qxd5 Qe1+ 29. Kh2 Qxf2 30. Qxf7+ Kh8 31. Qe8+ Kg7 32. Qe4 h5 33. d5 h4 34. Qg4+ Kf7 35. d6 f5 36. Qg5 Ke6 37. Qe7+ Kd5 38. d7 Qf4+ 39. Kg1 Qc1+ 40. Kf2 Qd2+ 41. Qe2 Qd4+ 42. Qe3 1-0

[Event "Ceske Budejovice Open-A 2019"]
[Site "Ceske Budejovice"]
[Date "2019.07.04"]
[Round "6.4"]
[White "Sergeev, Vladimir"]
[Black "Richterova, Natasa"]
[Result "1/2-1/2"]
[ECO "D10"]
[WhiteElo "2415"]
[BlackElo "2179"]
[Annotator "NA"]
[PlyCount "91"]
[EventDate "2019.07.02"]
[EventCountry "CZE"]
[SourceTitle "playchess.com"]
[Source "ChessBase"]
[SourceQuality "1"]
[TimeControl "5400+30"]

1. c4 c6 2. d4 d5 3. cxd5 cxd5 4. Nc3 Nf6 5. Bf4 Nc6 6. e3 a6 7. Bd3 Bg4 8. Nge2 e6 9. O-O Bd6 10. f3 Bh5 11. Bxd6 Qxd6 12. Rc1 O-O 13. Nf4 Bg6 14. Bxg6 hxg6 15. Nd3 e5 16. dxe5 Nxe5 17. Nxe5 Qxe5 18. Qd2 Rfe8 19. Rfe1 Rad8 20. Rcd1 Rd7 21. Qd4 Qe7 22. Rd3 Rc8 23. Red1 Rcd8 24. h3 Qe6 25. h4 Qe7 26. Qf4 b5 27. a3 Qc5 28. Qb4 Qxb4 29. axb4 Kf8 30. g4 Rc8 31. g5 Ne8 32. Rxd5 Rxd5 33. Rxd5 Rc4 34. Rd4 Rxd4 35. exd4 Nd6 36. Kf2 Nf5 37. Nd5 Nxd4 38. Ke3 Nf5+ 39. Ke4 Nxh4 40. f4 Ng2 41. Nc7 Ke7 42. Nxa6 Kd6 43. Nc5 Ne1 44. Nb7+ Kc7 45. Nc5 Kd6 46. Nb7+ {[%emt 0:00:00] Ke5+} 1/2-1/2

[Event "Ceske Budejovice Open-A 2019"]
[Site "Ceske Budejovice"]
[Date "2019.07.04"]
[Round "6.5"]
[White "Plischki, Sebastian"]
[Black "Karasek, Lukas"]
[Result "1/2-1/2"]
[ECO "A15"]
[WhiteElo "2420"]
[BlackElo "2278"]
[Annotator "NA"]
[PlyCount "81"]
[EventDate "2019.07.02"]
[EventCountry "CZE"]
[SourceTitle "playchess.com"]
[Source "ChessBase"]
[SourceQuality "1"]
[TimeControl "5400+30"]

1. c4 Nf6 2. g3 e5 3. Bg2 d5 4. cxd5 Nxd5 5. Nc3 Ne7 6. Nf3 Nbc6 7. b4 a6 8. a4 g6 9. Ba3 Bg7 10. O-O O-O 11. d3 Re8 12. b5 Nd4 13. Nd2 Ra7 14. e3 Ndf5 15. Qc2 Nd6 16. Rfc1 b6 17. a5 axb5 18. Bxd6 cxd6 19. Nxb5 Rxa5 20. Rxa5 bxa5 21. Nc4 d5 22. Ncd6 Rf8 23. Bxd5 Nxd5 24. Qxc8 Qxc8 25. Nxc8 Rd8 26. Ncd6 Nb4 27. Rc7 f5 28. Ra7 Nxd3 29. Rxa5 Bf8 30. Nc4 Rc8 31. Ra4 Rb8 32. Nc3 Rb4 33. Rxb4 Bxb4 34. Nd5 Bc5 35. f3 Kf7 36. Kf1 Ke6 37. Nc7+ Kf6 38. Ke2 Nb4 39. e4 fxe4 40. fxe4 Nc6 41. Nd5+ 1/2-1/2